 Dungeon Crawl Stone Soup version 0.30-a0-377-g5cb311bc9f (webtiles) character file.

Game seed: 18388830421199297415

51 p00ps00p the Trooper (level 3, -5/33 HPs)
             Began as a Hill Orc Fighter on Nov 30, 2022.
             Slain by Crazy Yiuf
             ... wielding a +2 quarterstaff of chaos
              (8 damage)
             ... on level 2 of the Dungeon.
             The game lasted 00:01:31 (1232 turns).

p00ps00p the Trooper (Hill Orc Fighter)             Turns: 1232, Time: 00:01:32

Health: -5/33      AC:  7    Str: 20    XL:     3   Next: 83%
Magic:  0/3        EV:  9    Int:  8    God:
Gold:   88         SH:  4    Dex: 10    Spells: 2/2 levels left

rFire   . . .      SeeInvis .    a - +0 war axe
rCold   . . .      Faith    .    c - +0 buckler
rNeg    . . .      Spirit   .    b - +0 scale mail
rPois   .          Reflect  .    (no helmet)
rElec   .          Harm     .    (no cloak)
rCorr   .          Rampage  .    (no gloves)
Will    .....                    (no boots)
Stlth   ..........               (no amulet)
HPRegen 0.25/turn                (no ring)
MPRegen 0.08/turn                (no ring)

@: mighty
A: no striking features
a: no special abilities


You were on level 2 of the Dungeon.
You visited 1 branch of the dungeon, and saw 2 of its levels.

You collected 88 gold pieces.

Inventory:

Hand Weapons
 a - a +0 war axe (weapon)
Armour
 b - a +0 scale mail (worn)
 c - a +0 buckler (worn)
Jewellery
 h - an amulet of reflection
 i - a ring of flight
 k - a ring of fire
Scrolls
 f - a scroll of teleportation
 l - 3 scrolls of identify
Potions
 d - a potion of might
 e - a potion of resistance {unknown}
 g - a potion of heal wounds
 j - a potion of curing {unknown}


   Skills:
 + Level 4.2 Fighting
 + Level 3.5 Axes
 + Level 3.8 Armour
 + Level 3.8 Shields


You had 2 spell levels left.
You didn't know any spells.
Your spell library contained the following spells:

 Spells                   Type           Power      Damage    Failure   Level
 Necrotise                Necr           0%         1d4       85%         1
 Hailstorm                Conj/Ice       0%         3d3       99%         3
 Vampiric Draining        Necr           0%         2d6       99%         3
 Ice Form                 Ice/Tmut       0%         N/A       100%        4
 Agony                    Necr           0%         N/A       100%        5
 Simulacrum               Ice/Necr       0%         N/A       100%        6


Dungeon Overview and Level Annotations

Branches:
Dungeon (2/15)

Altars:

Annotations:
D:2 Crazy Yiuf


Message History

You see here a +0 hammer.
Found a steaming hammer, a hammer and a runed hammer.
Crazy Yiuf laughs, "Paint hog blue!"
You see here a +3 hammer.
You see here a +0 hammer.
You see here a +2 hammer of protection.
You see here the +3 hammer of the Riding Asp {freeze, rPois rN+ Str-5}.
You see here a +2 hammer of protection.
You see here a +0 hammer.
You see here a +3 hammer.
Okay, then.
You open the door.
Crazy Yiuf laughs, "Spliff!"
You closely miss Crazy Yiuf.
Crazy Yiuf drinks a potion.
Crazy Yiuf seems to speed up.
You closely miss Crazy Yiuf.
Crazy Yiuf waves his quarterstaff at you.
Crazy Yiuf hits you with a +2 quarterstaff of chaos. x2
You blink.
You feel very mighty all of a sudden. Crazy Yiuf closely misses you.
You barely miss Crazy Yiuf.
Crazy Yiuf yells, "Lay!"
Crazy Yiuf hits you with a +2 quarterstaff of chaos.
You resist with some effort. Crazy Yiuf hits you but does no damage.
You closely miss Crazy Yiuf.
Crazy Yiuf hits you with a +2 quarterstaff of chaos.
You feel your power leaking away.
Crazy Yiuf hits you with a +2 quarterstaff of chaos.
Crazy Yiuf burns you.
You slash Crazy Yiuf!
Crazy Yiuf is severely wounded.
Crazy Yiuf hits you with a +2 quarterstaff of chaos!
* * * LOW HITPOINT WARNING * * *
Crazy Yiuf hits you with a +2 quarterstaff of chaos.
* * * LOW HITPOINT WARNING * * *
You hit Crazy Yiuf.
Crazy Yiuf is severely wounded.
Crazy Yiuf hits you with a +2 quarterstaff of chaos!
You die...

...######.##.# #..#[##.########
...+......##.#####..#.##.........
...#....####.#......#.###########
........# #.##.##.##.# .##.....#
#.######### .###..########
.............# ######[#######
##### ###### .............#
#@g)### ##..#.### ..........#.##
#.))')####........ ...#<.....#.#
#)))##))#).....### ...#......#)#
########)#)..### ..........#.#
####### ....#.....#.#
....#.....#.######### ####
....##.#..#.........###..#
###.##.#<(#...###........#


You could see Crazy Yiuf (fast).

Vanquished Creatures
  An adder (D:2)
  A worm (D:2)
  A dart slug (D:1)
  A ball python (D:2)
  4 endoplasms
  4 goblins
  6 hobgoblins
  3 jackals (D:1)
  A quokka (D:2)
  3 bats
  2 frilled lizards
  5 kobolds
  2 rats (D:2)
34 creatures vanquished.

Vanquished Creatures (collateral kills)
  A rat (D:2)
1 creature vanquished.

Grand Total: 35 creatures vanquished

Notes
Turn   | Place    | Note
-------+----------+-------------------------------------------
     0 | D:1      | p00ps00p the Hill Orc Fighter began the quest for the Orb.
     0 | D:1      | Reached XP level 1. HP: 19/19 MP: 1/1
   179 | D:1      | Reached XP level 2. HP: 22/27 MP: 2/2
   639 | D:2      | Reached skill level 4 in Fighting
   641 | D:2      | Reached XP level 3. HP: 33/33 MP: 3/3
  1214 | D:2      | Found a runed translucent door.
  1214 | D:2      | Identified the +3 hammer of the Riding Asp {freeze, rPois
                  | rN+ Str-5}
  1215 | D:2      | Noticed Crazy Yiuf
  1232 | D:2      | Slain by Crazy Yiuf

Illustrated notes

Levels and vault maps discovered:
D:1:      dpeg_arrival_rooms_with_view, layout_loops_ring
D:2:      layout_basic, uniq_crazy_yiuf_cottage

Skill      XL: |  1  2 |
---------------+-------+-----
Axes           | 3 |  3.5
Fighting       | 4 |  4.2
Armour         | |  3.8
Shields        | |  3.8

Action                   || total
-------------------------++-------
Melee: War axe           ||    89
  Use: Scroll            ||     3
       Potion            ||     1
Armor: Scale mail        ||    46
Dodge: Dodged            ||    49
Block: Buckler           ||    22

Table legend: (Time is in decaauts)
 A = Elapsed time spent in this place.
 B = Non-inter-level travel time spent in this place.
 C = Inter-level travel time spent in this place.
 D = Time resting spent in this place.
 E = Time spent auto-exploring this place.
 F = Levels seen in this place.
 G = Mean time per level.
                   A        B        C        D        E       F      G
               +--------+--------+--------+--------+--------+-----+--------+
         Total |   1264 |   1256 |      8 |      0 |   1019 |   2 |  632.0 |
       Dungeon |   1264 |   1256 |      8 |      0 |   1019 |   2 |  632.0 |
               +--------+--------+--------+--------+--------+-----+--------+

Top non-repeatable levels by time:
     D:1: 646 daAuts
     D:2: 617 daAuts
